cohdb
Replays
Latest Replays
All Replays
Popular Replays
Top Player Replays
Match Explorer
How It Works
Community
CoH3 Stats
Reddit
Sign in to upload your games and track your stats! →
Sign in with Steam
Match 46559979
Unlisted
Match 46559979
Overview
Messages
Build Orders
End
Scout Squad
Construct Barracks
Riflemen Squad
Riflemen Squad
Riflemen Squad
Infantry Support Center
Construct Motor Pool
M8 Greyhound Armored Car
M1 Anti-tank Gun Team
Construct Medical Station
Engineer Squad
M1918 Browning Automatic Rifles
M1 Mortar Team
Grenade Package
Riflemen Squad
M1 Anti-tank Gun Team
tangojuliett
rocketpossum
0
0
Comments
sign in to comment!
No comments posted yet!